[Event "Fast Chess"]
[Site "ChessKid.com"]
[Date "2020.05.08"]
[Round "1"]
[White "Halimi, Dorian"]
[Black "Dai, Lana"]
[Result "1/2-1/2"]
[ECO "C50"]
[WhiteElo "1204"]
[BlackElo "1272"]
[Annotator "Turm auf Reihe 7 bzw 2"]
[PlyCount "111"]
[EventDate "2020.??.??"]
[TimeControl "300"]
[WhiteClock "0:00:15"]
[BlackClock "0:02:16"]

1. e4 e5 2. Nc3 Nc6 3. Nf3 Nf6 4. Bc4 h6 5. a3 a6 6. h3 b5 7. Bd5 Nxd5 8. Nxd5 Bc5 9. O-O O-O 10. d3 d6 11. Qe2 Be6 12. Be3 Bxe3 13.
Qxe3 Bxd5 14. exd5 Nd4 15. Nxd4 exd4 16. Qxd4 c5 $2 17. Qg4 $2 a5 18. Rae1 Qc8 19. Qxc8 Raxc8 20. Rb1 b4 21. a4 c4 22. d4 b3 23. c3 Rc7 24. Rfe1 Rcc8 25. Re3 Rfe8 26. Rxe8+ Rxe8 27. Rd1 f5 $2 28. Kh2 $2 f4 $2 {[%emt 0:00:03] Türme lieben Reihe
7, und ist ein schwarzer Turm dabei, dann liebt er Reihe zwei!} 29. g3 fxg3+ 30. Kxg3 Re2 31. Rb1 g5 32. f4 gxf4+ 33. Kxf4 Rf2+ 34. Kg3 Rf6 35. h4 Rg6+ 36. Kh3 h5 37. Rf1 Kh7 38. Rf5 Kh6 39. Rf4 Rg1 40. Rf6+ Rg6 41. Rxg6+ Kxg6 42. Kg3 Kf5 43. Kf3 Kg6 44. Ke4 Kf6 45. Kf4 Kg6 46. Ke4 Kf6 47. Kf4 Ke7 48. Kg5 Kf7 49. Kxh5 Kf6 50. Kg4 Ke7 51. h5 Kf7 52. Kg5 Kg7 53. h6+ Kh8 54. Kg6 Kg8 55. h7+ Kh8 56. Kh6 $4 {[%emt 0:00:04] Game drawn by stalemate} 1/2-1/2

[Event "Fast Chess"]
[Site "ChessKid.com"]
[Date "2020.05.08"]
[Round "2"]
[White "Dai, Lana"]
[Black "Li, Tobias"]
[Result "0-1"]
[ECO "C47"]
[WhiteElo "1266"]
[BlackElo "1369"]
[PlyCount "130"]
[EventDate "2020.??.??"]
[TimeControl "300"]
[WhiteClock "0:01:37"]
[BlackClock "0:00:01"]

1. e4 e5 2. Nc3 Nc6 3. Nf3 Nf6 4. a3 d6 5. h3 h6 6. Bc4 a6 7. O-O Be7 8. d3 O-O 9. Nd5 Be6 10. Nxf6+ Bxf6 11. Bxe6 fxe6 12. c4 Nd4 13. Nxd4 exd4 14. b4 e5 15. c5 dxc5 16. bxc5 b6 17. cxb6 cxb6 18. a4 Bg5 19. Ba3 Be7 20. Bxe7 Qxe7 21. Qg4 Qf6 22. Qd1 Qh4 23. Qb3+ Kh8 24. Qxb6 Rfb8 25. Qd6 Re8 26. Rab1 Qd8 27. Qxd8 Rexd8 28. Rb2 Rdc8 29. Rfb1 Rc3 30. Rb8+ Rxb8 31.
Rxb8+ Kh7 32. Rb6 Rxd3 33. Rxa6 Rd1+ 34. Kh2 Rd2 35. f3 Ra2 36. a5 d3 37. Rd6 d2 38. a6 Kg8 39. a7 d1=Q 40. Rxd1 Rxa7 41. Rd8+ Kf7 42. Rd5 Ke6 43. Rd8 Re7 44. Ra8 Rd7 45. Ra6+ Kf7 46.
Ra5 Kf6 47. Ra6+ Kg5 48. g4 Kf4 49. Kg2 Rd2+ 50. Kf1 Rh2 51.
Kg1 Rxh3 52. Kg2 Rxf3 53. Ra2 Rg3+ 54. Kf2 Kxg4 55. Ra4 Kf4 56. Ke2 Re3+ 57. Kf2 Rxe4 58. Rxe4+ Kxe4 59. Ke2 Kd4 60. Kd2 g5 61. Ke2 h5 62. Kf3 h4 63. Kg4 e4 64. Kxg5 h3 65. Kg4 h2 {[%emt 0:00:00]
OnlyHungryKiwi won on time} 0-1

[Event "Fast Chess"]
[Site "ChessKid.com"]
[Date "2020.05.08"]
[Round "2"]
[White "Li, Patrick"]
[Black "Halimi, Dorian"]
[Result "0-1"]
[ECO "C55"]
[WhiteElo "1229"]
[BlackElo "1213"]
[PlyCount "134"]
[EventDate "2020.??.??"]
[TimeControl "300"]
[WhiteClock "0:00:17"]
[BlackClock "0:00:01"]

1. e4 e5 2. Nf3 Nc6 3. Nc3 Nf6 4. Bc4 h6 5. O-O a6 6. d3 Nd4 7. Nxd4 exd4 8. Nd5 Nxd5 9. Bxd5 Bd6 10. Qf3 Qh4 11. h3 f6 12. Re1 Bc5 13.
Bf4 d6 14. g4 Bd7 15. Bg3 Qg5 16. Bf4 Qh4 17. Bg3 Qxh3 18. Bxb7 Bxg4 19. Qf4 Rb8 20. Bc6+ Bd7 21. Bxd7+ Qxd7 22. Qf5 Qxf5 23. exf5+ Kf7 24. Re4 Rxb2 25. f3 g6 26. fxg6+ Kxg6 27. Bf2 d5 28. Rg4+ Kf5 29. Bxd4 Bxd4+ 30. Rxd4 h5 31. Rxd5+ Ke6 32. Rc5 Rb7 33. Re1+ Kd6 34. Ra5 Ra7 35. Re4 h4 36. Rd4+ Kc6 37. Rc4+ Kb6 38. Raa4 Kb5 39. Rab4+ Ka5 40. a4 h3 41. d4 h2+ 42. Kh1 f5 43. d5 Rh5 44. Rd4 Rh6 45.
Rf4 Ra8 46. Rb7 Rf8 47. Rxc7 Kb6 48. Rc6+ Kb7 49. Rb4+ Ka8 50. Rxh6 a5 51. Re6 Ka7 52. Rc6 Ka8 53. Rbb6 Ka7 54. Ra6+ Kb7 55. Rcb6+ Kc7 56. Ra7+ Kxb6 57. Rh7 Kc5 58. Re7 Kxd5 59. Rh7 Kd4 60. Ra7 Ke3 61. Rc7 Kxf3 62. Rd7 Ke2 63. Re7+ Kd2 64. Rc7 f4 65. Rb7 f3 66. Ra7 f2 67. Rxa5 f1=Q+ {[%emt 0:00:02]
FullMagentaEclipse won on time} 0-1

[Event "Fast Chess"]
[Site "ChessKid.com"]
[Date "2020.05.08"]
[Round "3"]
[White "Li, Tobias"]
[Black "Halimi, Dorian"]
[Result "1-0"]
[ECO "C50"]
[WhiteElo "1374"]
[BlackElo "1209"]
[PlyCount "31"]
[EventDate "2020.??.??"]
[TimeControl "300"]
[WhiteClock "0:03:46"]
[BlackClock "0:03:57"]

1. e4 e5 2. Nf3 Nc6 3. Bc4 h6 4. d3 a6 5. O-O Nf6 6. c3 Bd6 7. d4 exd4 8. cxd4 Nxe4 9. Re1 Qe7 10. Nc3 O-O 11. Rxe4 Qf6 12. Nd5 Qg6 13. Re1 Qh5 14. Nc3 Qxh2+ 15. Nxh2 Bxh2+ 16.
Kxh2 {[%emt 0:00:03] OnlyHungryKiwi won by resignation} 1-0

[Event "Fast Chess"]
[Site "ChessKid.com"]
[Date "2020.05.08"]
[Round "3"]
[White "Li, Patrick"]
[Black "Dai, Lana"]
[Result "1-0"]
[ECO "C55"]
[WhiteElo "1238"]
[BlackElo "1258"]
[PlyCount "73"]
[EventDate "2020.??.??"]
[TimeControl "300"]
[WhiteClock "0:01:29"]
[BlackClock "0:02:20"]

1. e4 e5 2. Nf3 Nc6 3. Nc3 Nf6 4. Bc4 h6 5. O-O a6 6. d3 b5 7. Bb3 Bc5 8. Nd5 Nxd5 9. Bxd5 Rb8 10. Bxc6 dxc6 11. Nxe5 Qd6 12. Qh5 O-O 13. Nf3 b4 14. Qh4 Be6 15. Qg3 Qxg3 16. hxg3 a5 17. Ne5 Rb6 18. Be3 Bxe3 19. fxe3 a4 20. Rae1 b3 21. cxb3 axb3 22. axb3 Rxb3 23. Rb1 Rb6 24. Rfc1 Ba2 25. Ra1 Be6 26. Nxc6 Bd7 27. Ne5 Be6 28. Rxc7 Rxb2 29. Nc6 Re2 30. Nd4 Rxe3 31. Nxe6 fxe6 32. Raa7 Rf7 33. Rxf7 Re1+ 34. Kh2 Re3 35. Rxg7+ Kh8 36. Rge7 Kg8 37. Re8# {[%emt 0:00:02] WideClassyQuiz
won by checkmate} 1-0

[Event "Fast Chess"]
[Site "ChessKid.com"]
[Date "2020.05.08"]
[Round "1"]
[White "Li, Tobais"]
[Black "Li, Patrick"]
[Result "1-0"]
[ECO "A00"]
[WhiteElo "1379"]
[BlackElo "1239"]
[PlyCount "64"]
[EventDate "2020.??.??"]
[TimeControl "300"]
[WhiteClock "0:02:43"]
[BlackClock "0:02:52"]

1. e4 e5 2. Nf3 Nc6 3. Bc4 Nf6 4. Ng5 Qe7 5. Nxf7 Rg8 6.
Nxe5 Rh8 7. Nf7 Rg8 8. Ng5 Nd4 9. O-O Qc5 10. Bxg8 Nxc2 11. Bf7+ Ke7 12. Bb3 Nxa1 13. Nc3 Qd6 14. d3 h6 15. Nf3 Kd8 16.
Be3 c6 17. Qxa1 Kc7 18. Qd1 Kb8 19. g3 Be7 20. Bf4 Qxf4 21.
gxf4 Ng4 22. Kg2 Ne3+ 23. Kg1 Nxd1 24. Rxd1 Bb4 25. Ne5 Bxc3 26. bxc3 d6 27. Nf3 g6 28. f5 g5 29. f6 h5 30. f7 Be6 31.
Nxg5 Bxf7 32. Nxf7 d5 {
[%emt 0:00:04] OnlyHungryKiwi won by resignation} 1-0

[Event "Fast Chess"]
[Site "ChessKid.com"]
[Date "2020.05.08"]
[Round "1"]
[White "Georgiev, Maximilian"]
[Black "Horvath, Alexander"]
[Result "0-1"]
[ECO "A10"]
[WhiteElo "1056"]
[BlackElo "1328"]
[Annotator "Fesselung, Gegenangriff"]
[PlyCount "88"]
[EventDate "2020.??.??"]
[TimeControl "300"]
[WhiteClock "0:01:50"]
[BlackClock "0:02:36"]

1. c4 f5 2. g3 Nc6 3. Bg2 Nf6 4. e3 b6 5. Ne2 Bb7 6. O-O Qc8 7. Nbc3 e6 8. d3 Bd6 9. a3 Ne7 10. Bd2 Bxg2 11. Kxg2 O-O 12. Kg1 Ng4 13. f3 Nf6 14. Kg2 Qb7 15. Ra2 Ng4 16. h3 Nf6 17. Nb5 Bc5 18. d4 Bd6 19. Nxd6 cxd6 20. Qb3 d5 21. cxd5 Nexd5 22. Ba5 Rab8 23. Bd2 a5 24. e4 fxe4 25. fxe4 Nxe4 26. Rxf8+ Kxf8 27. Qf3+ Kg8 28. Qxe4 Nf4+ 29. Kf3 Nxe2 30. Ke3 Nxg3 31. Qxb7 Rxb7 32. Kf3 Nf1 33. Bf4 d5 34. Kf2 Rf7 35. Kf3 $4 Nd2+ 36. Kg3 Ne4+ 37. Kg4 h5+ 38. Kf3 g5 39. Ke3 gxf4+ 40. Kf3 Nd2+ 41. Ke2 f3+ 42. Kf2 Ne4+ 43. Kf1 f2 44. b3 Ng3+ {[%emt 0:00:
04] KeenOrangeTeeth won by resignation} 0-1

[Event "Fast Chess"]
[Site "ChessKid.com"]
[Date "2020.05.08"]
[Round "2"]
[White "Georgiev, Maximilian"]
[Black "Li, Tobias"]
[Result "0-1"]
[ECO "A00"]
[WhiteElo "1322"]
[BlackElo "1386"]
[Annotator "Zurückschlagen nicht vergessen"]
[PlyCount "30"]
[EventDate "2020.??.??"]
[TimeControl "300"]
[WhiteClock "0:04:16"]
[BlackClock "0:04:23"]

1. g3 e5 2. Bg2 Nc6 3. b3 Nf6 4. Bb2 Bc5 5. Nc3 Ng4 6. Nf3 Nxf2 7. Qc1 Nxh1 8. e3 $4 Nxg3 9. hxg3 O-O 10. d3 d6 11. Qd2 Bb4 12. O-O-O d5 13. e4 d4 14. Nd5 Bxd2+ 15. Rxd2 Be6 {[%emt 0:00:07] OnlyHungryKiwi
won by resignation} 0-1

[Event "Fast Chess"]
[Site "ChessKid.com"]
[Date "2020.05.08"]
[Round "2"]
[White "Li, Patrick"]
[Black "Georgiev, Maximilian"]
[Result "0-1"]
[ECO "B27"]
[WhiteElo "1228"]
[BlackElo "1068"]
[PlyCount "28"]
[EventDate "2020.??.??"]
[TimeControl "300"]
[WhiteClock "0:04:18"]
[BlackClock "0:04:09"]

1. e4 c5 2. Nf3 g6 3. Nc3 Bg7 4. Bc4 e6 5. d3 h6 6. O-O Ne7 7. d4 cxd4 8. Nxd4 Bxd4 9. Qxd4 Rg8 10. Qd6 Nbc6 11. Nb5 Kf8 12. Nc7 Rb8 13. Nxe6+ dxe6 14. Qxb8 Nxb8 {[%emt 0:
00:02] TallSnazzyBall won by resignation} 0-1

[Event "Fast Chess"]
[Site "ChessKid.com"]
[Date "2020.05.08"]
[Round "3"]
[White "Li, Tobias"]
[Black "Georgiev, Maximilian"]
[Result "1-0"]
[ECO "B27"]
[WhiteElo "1388"]
[BlackElo "1066"]
[PlyCount "91"]
[EventDate "2020.??.??"]
[TimeControl "300"]
[WhiteClock "0:02:41"]
[BlackClock "0:00:58"]

1. e4 c5 2. Nf3 g6 3. Nc3 Bg7 4. Bc4 e6 5. a3 Ne7 6. O-O O-O 7. d3 h6 8. h3 Nbc6 9. Re1 a6 10. Bf4 b6 11. Bd6 a5 12. Rb1 Bb7 13. b4 axb4 14. axb4 cxb4 15. Ne2 Nc8 16. Bxf8 Kxf8 17. Bb5 N6a7 18. Bc4 Nc6 19. Bb5 N6a7 20. Rxb4 Bc3 21. Nxc3 Nxb5 22. Nxb5 Qe7 23. Rb1 Bc6 24. Nc7 Ra7 25. Nb5 Bxb5 26. Rxb5 d6 27. e5 d5 28. Nd4 Qd7 29. Rb1 Ne7 30. Rxb6 Nc8 31. Rb8 Kg7 32. Rb1 Qa4 33. Nf3 Ne7 34. c3 Qc6 35. Qb3 Rb7 36. Qxb7 Qxb7 37. Rxb7 Nc6 38. Rb6 Ne7 39. Rb7 Nc6 40. Rc7 Na5 41. Ra1 Nb3 42. Rb1 Na5 43. c4 dxc4 44. dxc4 h5 45.
c5 Kh6 46. c6 {[%emt 0:00:02] OnlyHungryKiwi
won by resignation} 1-0

[Event "Fast Chess"]
[Site "ChessKid.com"]
[Date "2020.05.08"]
[Round "3"]
[White "Li, Patrick"]
[Black "Horvath, Alexander"]
[Result "0-1"]
[ECO "C42"]
[WhiteElo "1222"]
[BlackElo "1328"]
[PlyCount "78"]
[EventDate "2020.??.??"]
[TimeControl "300"]
[WhiteClock "0:02:44"]
[BlackClock "0:01:48"]

1. e4 e5 2. Nf3 Nf6 3. Bc4 Nxe4 4. Bxf7+ Kxf7 5. Nxe5+ Ke8 6. Qe2 Qe7 7. Qxe4 d6 8. O-O Qxe5 9. Qxe5+ dxe5 10. Re1 Nc6 11. Nc3 Bd6 12. Nd5 Be6 13. Nc3 Kd7 14. d3 Rad8 15. Nb5 Kc8 16.
Be3 Kb8 17. Re2 Bg4 18. Ree1 Bc8 19. Re2 Nd4 20. Bxd4 exd4 21. Nxd4 Rde8 22. Rxe8 Rxe8 23. Nb5 a6 24.
Nxd6 cxd6 25. h3 Re2 26. Rc1 Kc7 27. f3 Kc6 28. g3 Bxh3 29.
Rf1 Bxf1 30. Kxf1 Rxc2 31. Ke1 Rxb2 32. Kd1 Rxa2 33. Kc1 Kd5 34. d4 Kxd4 35. f4 Kc3 36. Kd1 b5 37. g4 b4 38. g5 Kd3 39. f5 Ra1# {[%emt 0:00:02] KeenOrangeTeeth won by checkmate} 0-1

[Event "Fast Chess"]
[Site "ChessKid.com"]
[Date "2020.05.09"]
[Round "1"]
[White "Li, Tobias"]
[Black "Dai, Lana"]
[Result "1-0"]
[ECO "C50"]
[WhiteElo "1388"]
[BlackElo "1253"]
[Annotator "entfernter Freibauer"]
[PlyCount "143"]
[EventDate "2020.??.??"]
[TimeControl "600"]
[WhiteClock "0:01:39"]
[BlackClock "0:05:43"]

1. e4 e5 2. Nf3 Nc6 3. Nc3 Nf6 4. Bc4 h6 5. O-O Bc5 6. h3 O-O 7. d3 a6 8. a3 d6 9. b4 Bb6 10. Re1 Nd4 11. Nxd4 Bxd4 12. Bd2 c5 13. bxc5 dxc5 14. Rb1 Bxc3 15. Bxc3 Qd6 16. Bd5 Nxd5 17. exd5 f6 18. Qf3 f5 19. Bxe5 Qd7 20. Bb2 f4 21. Re4 Qxd5 22. Rxf4 Qxf3 23. Rxf3 Rxf3 24. gxf3 Bxh3 25. Be5 b5 26. Bd6 c4 27. dxc4 bxc4 28.
Rb4 Rd8 29. Bg3 Rd4 30. Be5 a5 31. Bxd4 axb4 32. axb4 Kf7 33. b5 Bc8 34. b6 g5 35. Kf1 Ke6 36. Ke1 Kd5 37. Ba1 Kc5 38.
Kd2 Kxb6 39. Kc3 Kc5 40. Kd2 Kb4 41. Bc3+ Kc5 42. Ke3 Bf5 43. Bg7 h5 44. f4 gxf4+
$4 45. Kxf4 Bxc2 46. Kg5 Bd1 47. f4 Kb4 48. f5 c3 49. f6 c2 50. Bf8+ Kc4 51. Ba3 c1=Q+ 52. Bxc1 Kd3 53. f7 Ba4 54. f8=Q Kc2 55. Qf4 Be8 56. Qe4+ Kxc1 57. Qxe8 Kd2 58. Kxh5 Kd3 59. Qe5 Kd2 60. Qe4 Kd1 61. Qe3 Kc2 62. Qd4 Kc1 63. Qd3 Kb2 64. Qc4 Kb1 65. Qc3 Ka2 66. Qb4 Ka1 67. Kg4 Ka2 68. Kf3 Ka1 69. Ke3 Ka2 70. Kd2 Ka1 71. Kc2 Ka2 72. Qb2# {[%emt 0:00:00] OnlyHungryKiwi
won by checkmate} 1-0

[Event "Fast Chess"]
[Site "ChessKid.com"]
[Date "2020.05.09"]
[Round "1"]
[White "Li, Patrick"]
[Black "Sasse, Gabriel"]
[Result "0-1"]
[ECO "C50"]
[WhiteElo "1213"]
[BlackElo "1338"]
[Annotator "Fesselung"]
[PlyCount "60"]
[EventDate "2020.??.??"]
[TimeControl "600"]
[WhiteClock "0:08:07"]
[BlackClock "0:08:24"]

1. e4 e5 2. Nf3 Nc6 3. Nc3 Bc5 4. Bc4 h6 5. O-O Nf6 6. d3 Ng4 7. h3 Nxf2 8. Rxf2 Bxf2+ 9. Kxf2 O-O 10. Kg1 Na5 11. Nd5 c6 12. Nc3 Qb6+ 13. Kf1 Nxc4 14. dxc4 Qd8 15. Nxe5 Qf6+ 16. Ke1 Qxe5 17. Qd3 Qh2 18. Qf3 Qg1+ 19. Ke2 Qc5 20. Qg4 d5 21. Qg3 Qxc4+ 22. Kd1 dxe4 23. Bxh6 Qd4+ 24. Kc1 Qg1+ 25. Kd2 Qd4+ 26. Kc1 Qf6 27. Bg5 Qg6 28. Nxe4 f6 29. Nxf6+ gxf6 30. Bxf6 Qxg3 {[%emt 0:00:06]
LimeFarActor won by resignation} 0-1

[Event "Fast Chess"]
[Site "ChessKid.com"]
[Date "2020.05.09"]
[Round "2"]
[White "Halimi, Dorian"]
[Black "Li, Tobias"]
[Result "1-0"]
[ECO "C55"]
[WhiteElo "1204"]
[BlackElo "1377"]
[Annotator "Grundlinienschwäche"]
[PlyCount "55"]
[EventDate "2020.??.??"]
[TimeControl "600"]
[WhiteClock "0:07:59"]
[BlackClock "0:08:00"]

1. e4 e5 2. Nf3 Nc6 3. Nc3 Nf6 4. Bc4 Bc5 5. Ng5 O-O 6.
Nxf7 Rxf7 7. Bxf7+ Kxf7 8. Nd5 Nxe4 9. Qf3+ Nf6 10. Nxf6 Qxf6 11. Qg3 Kg8 12. O-O b6 13. d3 Nd4 14. c3 Nc6 15. Be3 Bxe3 16.
fxe3 Qd6 17. Rad1 Qe6 18. d4 exd4 19. exd4 d5 20. Qf3 Bd7 21. Rde1 Qd6 22. h3 Re8 23. Rxe8+ Bxe8 24. Re1 Bd7 25. Rf1 a5 26. Qf7+ Kh8 27. Qf8+ Qxf8 28. Rxf8# {[%emt 0:00:01] FullMagentaEclipse won by
checkmate} 1-0

[Event "Fast Chess"]
[Site "ChessKid.com"]
[Date "2020.05.09"]
[Round "2"]
[White "Sasse, Gabriel"]
[Black "Dai, Lana"]
[Result "0-1"]
[ECO "C55"]
[WhiteElo "1329"]
[BlackElo "1263"]
[PlyCount "110"]
[EventDate "2020.??.??"]
[TimeControl "600"]
[WhiteClock "0:02:49"]
[BlackClock "0:06:06"]

1. e4 e5 2. Nf3 Nc6 3. Bc4 h6 4. O-O Nf6 5. Nc3 a6 6. Nd5 Nxd5 7. Bxd5 Bc5 8. Bxc6 dxc6 9. Nxe5 Qd6 10. Nc4 Qd4 11. d3 b5 12. Nd2 Qe5 13. Nf3 Qf6 14. e5 Qg6 15. d4 Bh3 16. Nh4 Qe4 17. f3 Qxh4 18.
dxc5 Bd7 19. g3 Qh3 20. Re1 O-O 21. Bf4 Qf5 22. Qc1 Rfe8 23.
g4 Qe6 24. a4 Qd5 25. Rd1 Qxf3 26. Rxd7 Qxg4+ 27. Kh1 Qxd7 28.
axb5 Qd5+ 29. Kg1 axb5 30. Rxa8 Rxa8 31. Qe1 Qxc5+ 32. Kf1 Qc4+ 33. Kg1 Qxf4 34. e6 Qg4+ 35. Kh1 Qxe6 36. Qd1 Qe4+ 37. Kg1 Qe3+ 38. Kh1 Re8 39. Kg2 Qe2+ 40. Qxe2 Rxe2+ 41. Kf3 Rxc2 42. Kg3 Rxb2 43. h4 Rb4 44. Kh3 c5 45. h5 c4 46. Kg3 c3 47. Kf3 c2 48. Ke3 c1=R 49. Kd3 Rh4 50. Ke3 Rc3+ 51. Kd2 Rg3 52. Ke2 Rh2+ 53. Kf1 Ra3 54. Kg1 Rc2 55. Kf1 Ra1# {[%emt 0:00:01] TopBrownCave
won by checkmate} 0-1

[Event "Fast Chess"]
[Site "ChessKid.com"]
[Date "2020.05.09"]
[Round "3"]
[White "Halimi, Dorian"]
[Black "Sasse, Gabriel"]
[Result "1-0"]
[ECO "C46"]
[WhiteElo "1215"]
[BlackElo "1319"]
[Annotator "Röntgenangriff"]
[PlyCount "65"]
[EventDate "2020.??.??"]
[TimeControl "600"]
[WhiteClock "0:08:15"]
[BlackClock "0:08:04"]

1. e4 e5 2. Nf3 Nc6 3. Nc3 Bc5 4. a3 h6 5. h3 Nf6 6. d3 O-O 7. Nd5 Nxd5 8. exd5 Nb8 9. Qe2 Re8 10. Be3 Bxe3 11. Qxe3 c6 12. dxc6 Nxc6 13. Be2 Nd4 14. O-O Nxf3+ 15. Bxf3 f5 16. Rfe1 e4 17. dxe4 fxe4 18. Bxe4 d5 19. Bxd5+ Kf8 20. Qf3+ Qf6 21. Rxe8+ Kxe8 22. Re1+ Kd7 23. Be6+ Kc7 24. Qxf6 gxf6 25. Bxc8 Rxc8 26. Kh2 Rd8 27. Re2 Kc6 28. f4 Kd5 29. g4 Kd4 30. Rd2+ Ke4 31. Rxd8 Kxf4 32. Rd4+ Ke3 33. Ra4 {[%emt 0:00:03] FullMagentaEclipse won - game abandoned} 1-0

[Event "Fast Chess"]
[Site "ChessKid.com"]
[Date "2020.05.09"]
[Round "3"]
[White "Li, Tobias"]
[Black "Li, Patrick"]
[Result "1-0"]
[ECO "C57"]
[WhiteElo "1382"]
[BlackElo "1209"]
[PlyCount "23"]
[EventDate "2020.??.??"]
[TimeControl "600"]
[WhiteClock "0:08:38"]
[BlackClock "0:08:28"]

1. e4 e5 2. Nf3 Nc6 3. Bc4 Nf6 4. Ng5 Ng4 5. Qxg4 d5 6.
Qg3 dxc4 7. Nc3 Nd4 8. O-O Nxc2 9. Qxe5+ Be7 10. Qb5+ Bd7 11. Qxc4 Nxa1 12. Qxf7# {[%emt 0:00:01]
OnlyHungryKiwi won by checkmate} 1-0

[Event "Fast Chess"]
[Site "ChessKid.com"]
[Date "2020.05.11"]
[Round "1"]
[White "Li, Tobias"]
[Black "Halimi, Dorian"]
[Result "0-1"]
[ECO "C50"]
[WhiteElo "1413"]
[BlackElo "1258"]
[Annotator "Damenfang"]
[PlyCount "120"]
[EventDate "2020.??.??"]
[TimeControl "600"]
[WhiteClock "0:05:13"]
[BlackClock "0:03:55"]

1. e4 e5 2. Nf3 Nc6 3. Bc4 h6 4. h3 a6 5. a3 Nf6 6. O-O b5 7. Ba2 Nd4 8. Nxe5 Bd6 9. Nf3 Nxf3+ 10. Qxf3 Qe7 11. Nc3 O-O 12. d3 Qe5 13. Re1 Qh2+ 14. Kf1 Qh1+ 15. Ke2 Qh2 16. Be3 Be5 17. Rh1 Qxh1 18. Rxh1 Bxc3 19. bxc3 d6 20. d4 Bb7 21. e5 Bxf3+ 22. Kxf3 Nd7 23. exd6 cxd6 24. Bd5 Rac8 25. Bd2 Rfe8 26. Be4 Re7 27. Bf5 Rce8 28. Kg3 Nf6 29. Bd3 Ne4+ 30. Kf3 Nxd2+ 31. Kg3 Re1 32. Rh2 Ne4+ 33. Kf3 Nxc3 34. h4 g6 35. h5 g5 36. Bf5 d5 37. Bd7 R8e7 38.
Bc6 R1e2 39. Rh3 Rxc2 40. Kg4 Ree2 41. Rf3 Ne4 42. Bxd5 Rxf2 43. Bxe4 Rxg2+ 44. Kh3 Rh2+ 45. Kg4 Rcg2+ 46.
Kf5 g4 47. Rf1 Rxh5+ 48. Kf4 Rgh2 49. Kxg4 a5 50. Bf3 R5h4+ 51. Kg3 R2h3+ 52. Kg2 b4 53. axb4 axb4 54. Bg4 Rh2+ 55. Kg3 b3 56. Bf5 b2 57. d5 Kf8 58. d6 Rh5 59. d7 Rd2 60. Rb1 Rxf5 {[%emt 0:00:03]
FullMagentaEclipse won by resignation} 0-1

[Event "Fast Chess"]
[Site "ChessKid.com"]
[Date "2020.05.11"]
[Round "1"]
[White "Li, Patrick"]
[Black "Horvath, Alexander"]
[Result "1-0"]
[ECO "A00"]
[WhiteElo "1223"]
[BlackElo "1318"]
[Annotator "Springergabel"]
[PlyCount "93"]
[EventDate "2020.??.??"]
[TimeControl "600"]
[WhiteClock "0:07:56"]
[BlackClock "0:07:10"]

1. e4 e5 2. Nf3 Nf6 3. Nxe5 d6 4. Nf3 Nxe4 5. Qe2 Qe7 6.
d3 Nf6 7. Bd2 Nc6 8. Bg5 h6 9. Bxf6 gxf6 10. Nc3 Bd7 11. Nd5 Qe6 $4 12. Nxc7+ Kd8 13. Nxe6+ Kc8 14. Nxf8 Rxf8 15. Qd2 Re8+ 16. Be2 Bg4 17. O-O Bxf3 18. Bxf3 Kc7 19. Rfe1 Rxe1+ 20. Rxe1 Nd4 21. Re4 Nxf3+ 22. gxf3 Rg8+ 23. Kf1 h5 24. Qh6 f5 25. Rf4 Rg6 26. Qxh5 Kc6 27. Qxf5 Rh6 28. Qxf7 Rxh2 29. Kg1 Rh8 30. Qg7 Re8 31. Qg6 Re1+ 32. Kg2 Re2 33. Qh5 Rxc2 34. Rc4+ Rxc4 35. dxc4 a6 36. Qd5+ Kd7 37. Qxb7+ Ke6 38. Qxa6 Ke5 39. b4 Kd4 40. b5 d5 41. b6 dxc4 42. b7 c3 43. b8=Q c2 44. Qb2+ Kc5 45. Qxc2+ Kb4 46. Qb6+ Ka3 47. Qbb3# {[%emt 0:00:
09] WideClassyQuiz won by checkmate} 1-0

[Event "Fast Chess"]
[Site "ChessKid.com"]
[Date "2020.05.11"]
[Round "2"]
[White "Halimi, Dorian"]
[Black "Georgiev, Maximilian"]
[Result "0-1"]
[ECO "C20"]
[WhiteElo "1247"]
[BlackElo "1117"]
[Annotator "Turmendspiel, Ablenkung Verteidiger"]
[PlyCount "142"]
[EventDate "2020.??.??"]
[TimeControl "600"]
[WhiteClock "0:06:37"]
[BlackClock "0:06:02"]

1. e4 e5 2. Qh5 Nc6 3. Bc4 g6 4. Qf3 Nf6 5. Nh3 h6 6. Nc3 Nd4 7. Qd3 Nc6 8. Nd5 Nxd5 9. Bxd5 Nb4 10. Qc3 Nxd5 11. exd5 c6 12. Qxe5+ Qe7 13. Qxe7+ Bxe7 14. dxc6 dxc6 15. O-O Bxh3 16. gxh3 O-O 17. d3 Kh7 18. Kg2 Rad8 19. Be3 a6 20. Bb6 Rd5 21. Rfe1 Rg5+ 22. Kf3 Bd8 23. Bxd8 Rxd8 24. a4 Rf5+ 25. Ke4 Rxf2 26. Rac1 Rxh2 27. Re3 Re8+ 28. Kd4 Rxe3 29. Kxe3 Rxh3+ 30. Kd2 Rh2+ 31. Kc3 Rh5 32. Rf1 Kg7 33. b4 Re5 34. d4 Rd5 35. Rf4 g5 36. Rg4 h5 37. Rg1 h4 38.
Rh1 Kh6 39. Kd3 Kh5 40. c4 Rf5 41. Ke4 Kg4 $4 42. d5 cxd5+ 43. cxd5 Rf4+ 44. Ke5 Rxb4 45. d6 h3 46. d7 Kg3 47. d8=Q Kg2 48.
Qd1 h2 49. Rf1 Rh4 50. Qe2+ Kg3 51. Rf3+ Kg4 52. Qe4+ Kh5 53. Qh7+ Kg4 54. Qxf7 h1=Q 55. Qf5+ Kh5 56. Rd3 Qe1+ 57. Kf6 Qa1+ 58. Kf7 Rf4 59. Rh3+ Rh4 60. Rxh4+ Kxh4 61. Qh7+ Kg4 62. Qe4+ Kg3 63. Kg6 g4 64. Kg5 Qg7+ 65. Kf5 Qh7+ 66. Ke5 Qxe4+ 67. Kxe4 Kh3 68. Ke3 Kh2 69. Kf2 g3+ 70. Kf1 g2+ 71. Kf2 g1=Q+ {[%emt 0:00:01] TallSnazzyBall won by resignation} 0-1

[Event "Fast Chess"]
[Site "ChessKid.com"]
[Date "2020.05.11"]
[Round "2"]
[White "Li, Patrick"]
[Black "Li, Tobias"]
[Result "1-0"]
[ECO "C50"]
[WhiteElo "1236"]
[BlackElo "1402"]
[PlyCount "137"]
[EventDate "2020.??.??"]
[TimeControl "600"]
[WhiteClock "0:02:46"]
[BlackClock "0:03:21"]

1. e4 e5 2. Nf3 Nc6 3. Nc3 Bc5 4. Bc4 Nf6 5. h3 O-O 6. O-O d6 7. d3 Be6 8. Bd5 Rb8 9. Bxe6 fxe6 10. Ng5 h6 11. Nxe6 Qe7 12. Nxf8 Qxf8 13. Qd2 Nd7 14. g3 Re8 15. Nd5 Rc8 16. Qc3 a6 17. Qc4 Kh8 18.
Be3 Nb6 19. Qb3 Nxd5 20. Qxd5 Ba7 21. Bxa7 Nxa7 22. Qxb7 Nb5 23. Qxa6 Nd4 24. Rac1 Ra8 25. Qc4 Qc8 26. c3 Ne6 27. d4 exd4 28. cxd4 Ng5 29. h4 Nxe4 30. Qxc7 Qh3 31. Qc6 Nd2 32. Qxa8+ Kh7 33. Rfd1 g5 34. hxg5 hxg5 35. Rxd2 Qe6 36. Qa7+ Kg6 37. d5 Qg4 38. Rb1 Qe4 39. b4 Qxb1+ 40. Kg2 Qe4+ 41. Kf1 Qxb4 42. Rd4 Qb1+ 43. Kg2 Qb2 44. Kh2 Qxf2+ 45. Kh3 Qf5+ 46. Kg2 Qc2+ 47. Kh3 Qf5+ 48. Kh2 Qc2+ 49. Kh3 Qc3 50. Rg4 Qe5 51. Qd4 Qe7 52. Qd2 Qh7+ 53. Kg2 Qh5 54. Qe2 Qh8 55. Qe3 Qh5 56. Qf3 Qh8 57. a4 Qa8 58. Qe3 Qd8 59. a5 Qxa5 60. Qxg5+ Kf7 61. Rf4+ Ke8 62. Re4+ Kd7 63. Qg7+ Kc8 64. Qg8+ Kd7 65. Qe6+ Kd8 66. Qe8+ Kc7 67. Qe7+ Kc8 68. Qf8+ Kd7 69. Re7# {[%emt 0:00:03]
WideClassyQuiz won by checkmate} 1-0

[Event "Fast Chess"]
[Site "ChessKid.com"]
[Date "2020.05.11"]
[Round "3"]
[White "Horvath, Alexander"]
[Black "Halimi, Dorian"]
[Result "1-0"]
[ECO "C50"]
[WhiteElo "1325"]
[BlackElo "1241"]
[PlyCount "69"]
[EventDate "2020.??.??"]
[TimeControl "600"]
[WhiteClock "0:06:42"]
[BlackClock "0:07:50"]

1. e4 e5 2. Nf3 Nc6 3. Bc4 h6 4. Nc3 a6 5. d3 d6 6. Be3 Nf6 7. Qd2 Qe7 8. a3 Be6 9. h3 Bxc4 10. dxc4 Qe6 11. Nd5 Nxd5 12. cxd5 Qd7 13. dxc6 Qxc6 14. c3 O-O-O 15. O-O Be7 16. b4 b5 17. Qd5 Qxc3 18. Qa8+ Kd7 19. Qxa6 Qd3 20. Rfd1 Qc4 21. Rac1 Qxe4 22. Qxb5+ c6 23. Qb7+ Ke6 24. Qxc6 Qf5 25. Qd5+ Kf6 26. g4 Qd7 27. h4 Rc8 28. g5+ hxg5 29. hxg5+ Kg6 30. Qe4+ Kh5 31. Qh4+ Kg6 32. Qe4+ Kh5 33. Rxc8 Rxc8 34. Qh7+ Kg4 35. Nh2# {[%emt 0:00:02] KeenOrangeTeeth won by checkmate}
1-0